 Dungeon Crawl Stone Soup version 0.17-a0-1430-g49fde19 (webtiles) character file.

2515 abixa the Cleaver (level 9, 4/79 HPs)
             Began as a Minotaur Gladiator on June 25, 2015.
             Was a Follower of Okawaru.
             Quit the game on level 8 of the Dungeon.
             The game lasted 00:23:21 (6604 turns).

abixa the Cleaver (Minotaur Gladiator)              Turns: 6604, Time: 00:23:21

Health: 4/79       AC: 10    Str: 21    XL:     9   Next: 29%
Magic:  8/8        EV: 10    Int:  5    God:    Okawaru [*.....]
Gold:   379        SH:  0    Dex: 13    Spells: 0 memorised, 8 levels left

rFire  . . .     SeeInvis .     a - +0 war axe
rCold  . . .     Clarity  .     n - +0 chain mail
rNeg   + . .     SustAt   .     (no shield)
rPois  .         Gourm    .     c - +0 hat
rElec  .         Spirit   .     (no cloak)
rCorr  .         Warding  +     (no gloves)
rMut   .         Stasis   .     (no boots)
MR     +....                    D - amulet of warding
Stlth  ..........               (no ring)
                                F - ring of protection from magic

@: lethally poisoned (4 -> 0), somewhat resistant to hostile enchantments,
extremely unstealthy
A: retaliatory headbutt, horns 2
a: Heroism, Renounce Religion


You were on level 8 of the Dungeon.
You worshipped Okawaru.
Okawaru was aware of your devotion.
You were very hungry.

You visited 2 branches of the dungeon, and saw 9 of its levels.

You collected 379 gold pieces.

Inventory:

Hand weapons
 a - a +0 war axe (weapon)
 v - a +0 blowgun
 z - a +0 halberd
Missiles
 d - 2 throwing nets
 h - 256 stones (quivered)
 s - 48 bolts
 t - 23 poisoned needles
 B - 84 sling bullets
 G - 18 sling bullets of frost
 S - 7 javelins
Armour
 c - a +0 hat (worn)
 j - a +0 ring mail
 n - a +0 chain mail (worn)
 r - a +1 leather armour of fire resistance
 M - a +0 scale mail
Jewellery
 D - an amulet of warding (around neck)
 F - a ring of protection from magic (left hand)
Magical devices
 J - a wand of confusion (35)
Scrolls
 g - a scroll of random uselessness {unknown}
 i - 7 scrolls of identify {unknown}
 k - a scroll of enchant weapon {unknown}
 q - 10 scrolls of remove curse {unknown}
 x - 3 scrolls of noise {unknown}
 y - 2 scrolls of teleportation {unknown}
 C - 2 scrolls of fear {unknown}
 E - a scroll of fog {unknown}
 L - 2 scrolls of amnesia {unknown}
 N - a scroll of recharging {unknown}
Potions
 b - a potion of brilliance {unknown}
 f - 7 potions of curing {unknown}
 l - a potion of cure mutation {unknown}
 m - 3 potions of poison {unknown}
 o - 2 potions of mutation {unknown}
 p - 2 potions of might {unknown}
 u - 2 potions of cancellation {unknown}
 A - 3 potions of heal wounds {unknown}
 H - a potion of invisibility {unknown}
 I - 2 potions of magic {unknown}
 R - a potion of haste {unknown}
Books
 O - Sif Muna's Compendium of the Oath
   (You found it on level 7 of the Dungeon)

   Spells                             Type                      Level
   a - Corona                         Hexes                        1
 P - Vehumet's Reference Book on Conjuration
   (You found it on level 7 of the Dungeon)

   Spells                             Type                      Level
   a - Magic Dart                     Conjuration                  1
 Q - Kikubaaqudgha's Tome of Unholy Magic
   (You found it on level 7 of the Dungeon)

   Spells                             Type                      Level
   a - Animate Skeleton               Necromancy                   1
Comestibles
 e - 7 bread rations
 w - 3 meat rations
 K - a beef jerky


   Skills:
 + Level 7.1 Fighting
 + Level 10.6 Axes
 - Level 2.0 Throwing
 + Level 6.6 Armour
 + Level 6.2 Dodging
 - Level 0.4 Invocations


You had 8 spell levels left.
You didn't know any spells.

Dungeon Overview and Level Annotations

Branches:
Dungeon (8/15)             Temple (1/1) D:6
   Lair: D:8-11

Altars:
Ashenzari
Cheibriados
Dithmenos
Elyvilon
Fedhas
Gozag
Kikubaaqudgha
Makhleb
Nemelex Xobeh
Okawaru
Qazlal
Ru
Sif Muna
Trog
Vehumet
Yredelemnul
Zin
The Shining One

Annotations:
D:4 DrClinical's ghost, average OgBe
D:8 Joseph


Innate Abilities, Weirdness & Mutations

You reflexively headbutt those who attack you in melee.
You have a pair of horns on your head.


Message History

The magic dart hits you!
* * * LOW HITPOINT WARNING * * *
The orc wizard mumbles some strange words.
The orc wizard blinks!
The orc wizard casts a spell at you. The puff of flame hits you!
* * * LOW HITPOINT WARNING * * *
There is a stone staircase leading down here.
The orc wizard hits you but does no damage.
You are lethally poisoned!
The orc wizard casts a spell.
The orc wizard blinks!
You climb downwards.
A kobold and Joseph come into view.
* * * LOW HITPOINT WARNING * * *
You feel sick.
The kobold shouts!
Found 13 sling bullets and 24 gold pieces.
There is a stone staircase leading up here.
Are you sure you want to abandon this character and quit the game? (Confirm with "yes".)

#### ####$.. #
....... .#
$......##.###
####....K...###
.......@.......
#####...o@.....
#....(.....
#..........
#..........
#..#.##.### #..
.# .# ... .# #


You could see Joseph, an orc wizard and a kobold.

Vanquished Creatures
  2 slime creatures (D:7)
  Duvessa (D:5)
  2 ice beasts
  A sky beast (D:6)
  A phantom (D:6)
  An ogre (D:7)
  A centaur (D:5)
  3 giant frogs (D:6)
  Dowan (D:5)
  A scorpion (D:5)
  4 killer bees (D:7)
  6 hounds
  A centaur skeleton (D:4)
  A gnoll shaman (D:7)
  An orc priest (D:4)
  4 iguanas
  5 worker ants
  9 orc wizards
  11 adders
  6 gnolls
  A shadow imp (D:7)
  An ooze (D:3)
  An adder skeleton (D:5)
  2 worms
  2 giant geckos
  18 orcs
  18 bats
  2 bat zombies
  8 giant cockroaches
  6 hobgoblins
  4 jackals
  A giant gecko skeleton (D:4)
  2 giant newts
  9 goblins
  15 kobolds
  2 quokkas
  A quokka skeleton (D:4)
  14 rats
169 creatures vanquished.

Notes
Turn   | Place    | Note
--------------------------------------------------------------
     0 | D:1      | abixa the Minotaur Gladiator began the quest for the Orb.
     0 | D:1      | Reached XP level 1. HP: 18/18 MP: 0/0
    73 | D:1      | Reached skill level 4 in Axes
   115 | D:1      | Reached XP level 2. HP: 25/25 MP: 1/1
   510 | D:2      | Reached skill level 5 in Axes
   510 | D:2      | Reached XP level 3. HP: 30/30 MP: 2/2
  1188 | D:3      | Reached skill level 6 in Axes
  1188 | D:3      | Reached XP level 4. HP: 29/37 MP: 3/3
  1777 | D:3      | Reached XP level 5. HP: 42/42 MP: 4/4
  1792 | D:3      | Reached skill level 7 in Axes
  2106 | D:3      | Found a shattered altar of Ashenzari.
  2110 | D:3      | Found a stormy altar of Qazlal.
  2113 | D:3      | Found a burning altar of Makhleb.
  2417 | D:4      | Noticed DrClinical's ghost (average OgBe)
  2854 | D:4      | Reached skill level 8 in Axes
  2854 | D:4      | Reached XP level 6. HP: 48/50 MP: 5/5
  3205 | D:4      | Reached skill level 1 in Armour
  3842 | D:5      | Entered Level 5 of the Dungeon
  4097 | D:5      | Reached XP level 7. HP: 58/58 MP: 6/6
  4166 | D:5      | Noticed Dowan
  4167 | D:5      | Noticed Duvessa
  4191 | D:5      | Killed Dowan
  4191 | D:5      | Reached skill level 9 in Axes
  4316 | D:5      | HP: 3/60 [Duvessa/short sword (5)]
  4319 | D:5      | Killed Duvessa
  4780 | D:5      | Reached skill level 5 in Fighting
  4914 | D:5      | Reached XP level 8. HP: 60/68 MP: 7/7
  5393 | D:6      | Reached skill level 5 in Armour
  5410 | D:6      | Reached skill level 5 in Dodging
  5414 | D:6      | Found a staircase to the Ecumenical Temple.
  5420 | Temple   | Entered the Ecumenical Temple
  5458 | Temple   | Became a worshipper of Warmaster Okawaru
  5674 | D:7      | Reached skill level 10 in Axes
  5727 | D:7      | Found a radiant altar of Vehumet.
  5729 | D:7      | Found a deep blue altar of Sif Muna.
  5729 | D:7      | Found an ancient bone altar of Kikubaaqudgha.
  5734 | D:7      | Identified Sif Muna's Compendium of the Oath
  5741 | D:7      | Identified Vehumet's Reference Book on Conjuration
  5748 | D:7      | Identified Kikubaaqudgha's Tome of Unholy Magic
  5792 | D:7      | Noticed a slime creature
  5809 | D:7      | Killed a slime creature
  5813 | D:7      | Noticed a slime creature
  6028 | D:7      | Reached XP level 9. HP: 68/78 MP: 8/8
  6269 | D:7      | Noticed a slime creature
  6270 | D:7      | Noticed a slime creature
  6302 | D:7      | Killed a slime creature
  6302 | D:7      | Acquired Okawaru's first power
  6522 | D:7      | Noticed a slime creature
  6585 | D:7      | HP: 3/79 [orc wizard/magic dart (8)]
  6603 | D:8      | Noticed Joseph
  6604 | D:8      | Quit the game

Vault maps used:
D:1:      dpeg_arrival_erosion
D:3:      grunt_temple_overflow_diamond, first_bread, minmay_joined_circles
D:4:      minmay_fountain_box
D:5:      grunt_ministairs_9, minmay_misc_feat_rows, uniq_duvessa
D:6:      minmay_temple_entry_hall, st_stairs_9
D:7:      minmay_flawed_box, grunt_temple_overflow_magic_moments
D:8:      erik_lair_orcish_takeover, uniq_joseph
Temple:   circular_temple_12

Action                   |  1- 3 |  4- 6 |  7- 9 || total
-------------------------+-------+-------+-------++-------
Melee: War axe           |    58 |   197 |   202 ||   457
 Fire: Blowgun           |       |       |    15 ||    15
Throw: Stone             |     6 |    17 |     9 ||    32
       Throwing net      |       |       |     5 ||     5
  Eat: Chunk             |       |    10 |     7 ||    17
